 Dungeon Crawl Stone Soup version 0.30.0-2-g1aa4bd4387 (webtiles) character file.

Game seed: 18023842293475499378

66 Acheron the Charlatan (level 4, -3/36 HPs)
             Began as a Hill Orc Artificer on May 7, 2023.
             Killed by divine providence
             ... invoked by an orc priest
              (11 damage)
             ... on level 3 of the Dungeon.
             The game lasted 00:06:49 (1373 turns).

Acheron the Charlatan (Hill Orc Artificer)          Turns: 1373, Time: 00:06:49

Health: -3/36      AC:  5    Str: 14    XL:     4   Next: 15%
Magic:  4/4        EV: 10    Int: 11    God:
Gold:   86         SH:  0    Dex: 13    Spells: 3/3 levels left

rFire   . . .        j - +2 dagger (venom)
rCold   . . .        (no shield)
rNeg    . . .        a - +0 ring mail
rPois   .            (no helmet)
rElec   .            (no cloak)
rCorr   .            (no gloves)
SInv    .            (no boots)
Will    .....        (no amulet)
Stlth   +            (no ring)
HPRegen 0.26/turn    (no ring)
MPRegen 0.09/turn

%: no passive effects
@: no status effects
A: no striking features
a: Convert to Beogh


You were on level 3 of the Dungeon.
You visited 1 branch of the dungeon, and saw 3 of its levels.

You collected 86 gold pieces.

Inventory:

Hand Weapons
 j - a +2 dagger of venom (weapon)
 n - a +1 dagger of draining
 o - a +0 rapier
Missiles
 k - 2 boomerangs
Armour
 a - a +0 ring mail (worn)
 b - a +0 leather armour
 p - the +2 plate armour of Oqapa {Drain rElec Will++}
   (You found it on level 2 of the Dungeon)

   rElec:     It insulates you from electricity.
   Drain:     It drains your maximum health when unequipped.
   Will:      It greatly increases your willpower.
Wands
 c - a wand of flame (13) (quivered)
 d - a wand of charming (15)
 e - a wand of iceblast (4)
Scrolls
 g - a scroll of identify
 i - a scroll of immolation
Potions
 f - a potion of haste
 h - a potion of mutation


   Skills:
 * Level 2.0 Fighting
 * Level 1.0 Maces & Flails
 * Level 3.1 Armour
 * Level 1.2 Dodging
 * Level 1.2 Stealth
 + Level 3.4 Evocations


You had 3 spell levels left.
You didn't know any spells.
Your spell library was empty.

Dungeon Overview and Level Annotations

Branches:
Dungeon (3/15)

Altars:
Cheibriados


Message History

You barely miss the goblin. The goblin hits you with a +0 club.
The bat misses you.
The orc priest shouts, "Beogh is our master!
Accept the truth or die!"
You hit the goblin.
You kill the goblin!
The bat closely misses you. x2
You hit the orc priest.
The orc priest is poisoned.
The orc priest is lightly wounded.
The bat barely misses you. The orc priest closely misses you.
The orc priest shouts, "Join the one true god or die!"
You hit the orc priest but do no damage.
The orc priest is lightly wounded.
The orc priest shouts, "Surrender to Beogh and we'll let you live!"
The orc priest hits you with a +0 morningstar.
The bat closely misses you.
You hit the orc priest.
The orc priest looks as sick as possible!
The orc priest is moderately wounded.
The bat hits you but does no damage. x2; The orc priest closely misses you.
The orc barely misses you.
You closely miss the orc priest.
The orc priest is heavily wounded.
The bat barely misses you. The orc hits you but does no damage.
The orc priest hits you with a +0 morningstar!
A ball python comes into view.
You barely miss the orc priest.
The ball python hisses angrily.
You punch the orc priest.
The orc priest is heavily wounded.
The orc priest shouts, "Surrender to Beogh and we'll let you live!"
The orc priest mumbles some strange prayers to Beogh against you.
Pain shoots through your body!
* * * LOW HITPOINT WARNING * * *
The orc closely misses you. The bat hits you but does no damage.
You closely miss the orc priest.
The orc priest is severely wounded.
The bat hits you but does no damage. The bat barely misses you.
The orc priest invokes the aid of Beogh against you.
Beogh smites you!
You die...

#........#.......#.#..#
######..#####......# #
##...#####.#...
#.#.........#..
#...#.#.....##.
###...##....##..
#...#....# .. .
####.#..o####.#....
#......$ooo@bS.....
#....###.####o....... .
#..#. #.# ##...... #.
##### ### ##.#. ...
#... ##... ...###...#
#.....# #########)..#
##.....#....#


You could see an orc priest (extremely poisoned), 4 orcs, a bat and a ball
python.

Vanquished Creatures
  3 adders (D:2)
  4 dart slugs
  3 ball pythons
  2 bats
  3 endoplasms
  A giant cockroach (D:2)
  3 goblins
  4 hobgoblins
  3 kobolds
  A quokka (D:2)
  A frilled lizard (D:1)
  A rat (D:1)
29 creatures vanquished.

Notes
Turn   | Place    | Note
-------+----------+-------------------------------------------
     0 | D:1      | Acheron the Hill Orc Artificer began the quest for the Orb.
     0 | D:1      | Reached XP level 1. HP: 16/16 MP: 1/1
   129 | D:1      | Reached XP level 2. HP: 12/23 MP: 2/2
   242 | D:2      | Reached skill level 1 in Stealth
   424 | D:1      | Reached skill level 1 in Dodging
   499 | D:1      | Reached XP level 3. HP: 16/28 MP: 3/3
  1163 | D:2      | Reached XP level 4. HP: 36/36 MP: 4/4
  1219 | D:2      | Identified the +2 plate armour of Oqapa {Drain rElec
                  | Will++}
  1247 | D:2      | Found a snail-covered altar of Cheibriados.
  1291 | D:2      | Reached skill level 1 in Maces & Flails
  1373 | D:3      | Killed from afar by an orc priest

Illustrated notes

Levels and vault maps discovered:
D:1:      onia_arrival_pentagram, layout_basic, minmay_pentomino_z4
D:2:      layout_loops_ring, basic_altar, st_stairs_13
D:3:      layout_rooms, uniq_crazy_yiuf_cottage

Skill      XL: |  1  2  3  4 |
---------------+-------------+-----
Stealth        | 1 |  1.2
Dodging        | 1 |  1.2
Armour         | 3 |  3.1
Fighting       | 2 |  2.0
Maces & Flails | 1 |  1.0
Evocations     | |  3.4

Action                     |  1- 3 |  4- 6 || total
---------------------------+-------+-------++-------
  Melee: Club              |    91 |       ||    91
         Dagger            |    18 |    31 ||    49
         Punch             |       |     1 ||     1
  Evoke: Wand              |     3 |       ||     3
    Use: Scroll            |       |     6 ||     6
 Armour: Leather armour    |    18 |       ||    18
         Ring mail         |    10 |    24 ||    34
  Dodge: Dodged            |    72 |    40 ||   112
